AoeStats
← l Exhiom l

Black Forest

510354970Analyzed
4v4 RM · 1d ago on Sep 30, 2026· 63m 23s· 8 players
Game mode
Random Map
Map size
Large (8 player)
Population
200
Speed
Normal
Resources
Standard
Victory
Conquest
Starting age
Dark Age
Ending age
Imperial Age
RankedLock teamsTeams togetherTeam positionsShared explorationLock speedFull tech treeHidden civsTurbo modeCheats
Victory
Defeat
🇺🇸 Dravidians · United States
965
+14
🇺🇸 Armenians · United States
929
+15
🇩🇪 Saxons · Germany
905
+16
🇪🇸 Tupi · Spain
892
+17
🇫🇷 Inca · France
973
-17
🇹🇷 Britons · Türkiye
899
-15
🇹🇷 Vietnamese · Türkiye
893
-15
🇹🇷 Khmer · Türkiye
893
-15
...
0:37 Loom
12:43 Feudal Age
13:24 Double-Bit Axe
14:28 Arson
14:04 Man-at-Arms
18:56 Wheelbarrow
18:17 Horse Collar
27:34 Castle Age
28:34 Hand Cart
28:30 Fishing Lines
33:52 Gold Mining
33:53 Stone Mining
37:58 Imperial Age
36:29 Medical Corps
37:05 Gillnets
41:59 Chemistry
41:45 Bow Saw
42:08 Elite Elephant Archer
42:52 Husbandry
45:48 Fletching
46:00 Padded Archer Armor
49:17 Bodkin Arrow
49:49 Leather Archer Armor
51:57 Ring Archer Armor
51:30 Bracer
51:32 Caravan
51:43 Guilds
52:29 Heavy Plow
53:38 Two-Man Saw
l Exhiom l
0:36 Loom
11:40 Feudal Age
19:02 Castle Age
18:43 Double-Bit Axe
18:39 Horse Collar
18:49 Fishing Lines
22:50 Gillnets
26:48 Treadmill Crane
29:09 Wheelbarrow
28:20 Town Watch
30:02 Murder Holes
30:28 Ballistics
30:11 Scale Mail Armor
30:04 Fletching
31:30 Hand Cart
34:41 Imperial Age
32:58 Town Patrol
33:21 Caravan
33:34 Heavy Plow
33:45 Bow Saw
33:27 Gold Mining
33:36 Stone Mining
33:44 Pikeman
34:25 Squires
33:45 Champi Runner
33:49 Elite Skirmisher
34:43 Crossbowman
35:39 Forging
35:29 Scale Mail Armor
35:30 Padded Archer Armor
35:25 Bodkin Arrow
36:16 Gold Shaft Mining
37:07 Conscription
36:55 Curare
36:58 Caciques
38:06 Chemistry
38:31 Two-Man Saw
37:34 Arbalester
37:40 Champi Warrior
39:26 Iron Casting
38:52 Bracer
39:26 Leather Archer Armor
39:45 Chain Mail Armor
41:20 Halberdier
41:21 Elite Ibirapema Warrior
43:27 Hoardings
43:10 Elite Blackwood Archer
47:34 Plate Mail Armor
49:43 Ring Archer Armor
49:20 Elite Champi Warrior
49:47 Arson
Wilh3lm
1:54 Loom
11:54 Feudal Age
13:11 Wheelbarrow
12:25 Double-Bit Axe
17:09 Castle Age
15:07 Horse Collar
18:46 Scale Mail Armor
20:54 Fishing Lines
23:38 Bow Saw
24:41 Heavy Plow
27:05 Hand Cart
28:33 Forging
28:13 Fletching
29:17 Gambesons
29:34 Squires
29:21 Arson
32:37 Imperial Age
30:28 Arson
31:50 Iron Casting
31:31 Chain Mail Armor
31:12 Bodkin Arrow
31:17 Padded Archer Armor
31:57 Coinage
31:44 Town Watch
32:01 Elite Skirmisher
33:02 Thumb Ring
33:44 Conscription
34:07 Plate Mail Armor
34:20 Ballistics
35:00 Chemistry
34:11 Masonry
33:57 Murder Holes
34:15 Shield Wall
35:25 Elite Hearth Troop
37:04 Banking
37:41 Two-Man Saw
37:26 Bracer
37:42 Leather Archer Armor
39:38 Pikeman
40:38 Halberdier
45:08 Caravan
Akranon
3:39 Loom
8:30 Loom
10:18 Feudal Age
10:42 Man-at-Arms
11:41 Arson
11:57 Long Swordsman
15:29 Forging
16:11 Scale Mail Armor
18:36 Double-Bit Axe
19:59 Gold Mining
23:18 Wheelbarrow
30:11 Stone Mining
31:36 Town Watch
33:52 Castle Age
31:37 Fishing Lines
36:00 Squires
36:10 Two-Handed Swordsman
36:37 Gambesons
37:33 Iron Casting
37:16 Hand Cart
41:12 Sanctity
41:02 Fervor
40:39 Horse Collar
41:38 Gold Shaft Mining
41:15 Bow Saw
41:59 Champion
44:12 Chain Mail Armor
47:49 Imperial Age
47:30 Town Patrol
47:24 Gillnets
47:41 Fletching
49:15 Heavy Plow
49:54 Caravan
51:40 Blast Furnace
51:05 Capped Ram
52:04 Fereters
53:51 Siege Ram
55:32 Plate Mail Armor
57:39 Bodkin Arrow
57:50 Scale Barding Armor
57:45 Padded Archer Armor
60:29 Chemistry
59:10 Treadmill Crane
59:41 Fortified Wall
59:26 Murder Holes
59:53 Ballistics
60:02 Block Printing
60:23 Theocracy
60:14 Illumination
60:34 Masonry
60:36 Clinker Construction
60:37 Careening
60:18 Guard Tower
60:34 Siphons
60:19 Heated Shot
60:52 Conscription
60:03 Pikeman
karaokur
0:30 Loom
13:18 Feudal Age
14:53 Wheelbarrow
14:14 Horse Collar
18:45 Gold Mining
18:58 Man-at-Arms
25:56 Stone Mining
31:42 Castle Age
31:02 Double-Bit Axe
32:53 Bow Saw
37:45 Hand Cart
38:43 Stone Shaft Mining
40:04 Heavy Plow
45:03 Imperial Age
42:25 Town Watch
44:43 Caravan
45:44 Forging
45:40 Scale Barding Armor
45:27 Fletching
45:38 Padded Archer Armor
46:04 Ballistics
46:59 Crop Rotation
46:30 Light Cavalry
47:20 Bloodlines
47:11 Husbandry
49:10 Hussar
51:18 Iron Casting
51:48 Chain Barding Armor
54:01 Heavy Scorpion
55:04 Conscription
55:04 Double Crossbow
57:14 Chemistry
56:22 Siege Engineers
60:08 Bodkin Arrow
MAD
0:36 Loom
12:39 Feudal Age
14:18 Wheelbarrow
13:24 Horse Collar
13:31 Double-Bit Axe
20:56 Castle Age
22:37 Stone Mining
25:38 Hand Cart
25:26 Heavy Plow
26:33 Caravan
26:56 Bow Saw
29:22 Fletching
29:33 Padded Archer Armor
30:25 Gold Mining
31:12 Stone Shaft Mining
30:55 Bodkin Arrow
31:18 Leather Archer Armor
35:10 Imperial Age
33:20 Chatras
33:15 Town Watch
34:46 Bloodlines
34:37 Husbandry
35:18 Elite Rattan Archer
38:29 Two-Man Saw
38:10 Crop Rotation
38:07 Forging
38:29 Thumb Ring
37:47 Elite Skirmisher
40:50 Town Patrol
40:49 Elite Battle Elephant
42:32 Scale Barding Armor
43:59 Chain Barding Armor
44:15 Iron Casting
47:40 Paper Money
50:00 Plate Barding Armor
50:25 Imperial Skirmisher
51:36 Ballistics
51:26 Bracer
51:56 Ring Archer Armor
54:30 Ring Archer Armor
59:09 Chemistry
dboss
3:27 Loom
11:40 Feudal Age
17:30 Castle Age
15:49 Double-Bit Axe
15:45 Horse Collar
16:54 Gold Mining
18:22 Fletching
18:33 Padded Archer Armor
18:08 Crossbowman
20:45 Wheelbarrow
23:23 Bodkin Arrow
23:47 Leather Archer Armor
25:10 Stone Mining
26:37 Town Watch
27:45 Bow Saw
31:13 Yeomen
33:00 Ballistics
35:32 Imperial Age
37:39 Chemistry
36:44 Bracer
37:15 Ring Archer Armor
36:10 Arbalester
38:58 Conscription
40:45 Elite Longbowman
45:41 Elite Skirmisher
50:09 Imperial Skirmisher
Bloups3000
4:14 Loom
11:18 Feudal Age
14:46 Double-Bit Axe
14:55 Gold Mining
17:30 Castle Age
16:35 Fishing Lines
18:47 Bow Saw
18:56 Gillnets
19:46 Squires
20:26 Crossbowman
22:22 Fortified Wall
22:20 Thumb Ring
22:23 Squires
23:07 Wheelbarrow
24:40 Hand Cart
26:30 Horse Collar
27:47 Ballistics
31:30 Imperial Age
28:49 Town Watch
29:07 Fletching
34:13 Heavy Plow
34:49 Gold Shaft Mining
34:14 Stone Mining
34:29 Arbalester
35:11 Bodkin Arrow
35:18 Padded Archer Armor
35:54 Crop Rotation
36:40 Conscription
37:52 Hoardings
37:39 Redemption
38:31 Elite Kamayuk
39:15 Scale Mail Armor
39:26 Forging
40:23 Chain Mail Armor
41:07 Stone Shaft Mining
41:36 Caravan
42:30 Plate Mail Armor
43:36 Iron Casting
53:34 Heavy Scorpion
54:48 Guilds
56:21 Fabric Shields
Connection lost

Rejoining the realm…

Still unreachable

The connection could not be restored.

Session expired

The server has moved on; the page needs a fresh start.